 Dungeon Crawl Stone Soup version 0.25-a0-1024-gbfbf38f2cb (webtiles) character file.

Game seed: 6928950934894221037, levelgen mode: deterministic

9 Esekla the Skirmisher (level 2, -2/25 HPs)
             Began as a Formicid Abyssal Knight on May 12, 2020.
             Was an Initiate of Lugonu.
             Slain by a gnoll
             ... wielding a +0 halberd
              (7 damage)
             ... on level 2 of the Dungeon.
             The game lasted 00:03:58 (628 turns).

Esekla the Skirmisher (Formicid Abyssal Knight)      Turns: 628, Time: 00:03:59

Health: -2/25      AC:  9    Str: 16    XL:     2   Next: 20%
Magic:  3/3        EV:  9    Int: 11    God:    Lugonu [......]
Gold:   7          SH:  0    Dex: 10    Spells: 1/1 levels left

rFire    x . .     SeeInvis +   a - +1 falchion
rCold    + + .     Gourm    .   (no shield)
rNeg     . . .     Faith    .   e - +0 ice dragon scales
rPois    .         Spirit   .   (helmet unavailable)
rElec    .         Reflect  .   (no cloak)
rCorr    .         Harm     .   (no gloves)
MR       .....                  (no boots)
Stlth    ..........             (no amulet)
HPRegen  0.08/turn              (no ring)
MPRegen  0.08/turn              (no ring)

@: no status effects
A: permanent stasis, dig shafts and tunnels, four strong arms, antennae 3
a: Dig, Shaft Self, Renounce Religion


You were on level 2 of the Dungeon.
You worshipped Lugonu.
Lugonu was noncommittal.
You were not hungry.

You visited 1 branch of the dungeon, and saw 2 of its levels.
You visited the Abyss 1 time.

You collected 7 gold pieces.

Inventory:

Hand Weapons
 a - a +1 falchion (weapon)
Armour
 b - a +0 leather armour
 e - +0 ice dragon scales (worn)
Scrolls
 f - a scroll of fog {unknown}
 g - a scroll of identify {unknown}
 h - a scroll of teleportation {unknown}
Potions
 d - 2 potions of curing {unknown}
Comestibles
 c - a ration


   Skills:
 * Level 3.7 Fighting
 * Level 2.2 Long Blades
 + Level 2.1 Armour
 + Level 1.0 Dodging
 + Level 2.1 Invocations


You had one spell level left.
You didn't know any spells.
Your spell library was empty.

Dungeon Overview and Level Annotations

Branches:
Dungeon (1/15)

Altars:
Ashenzari


Innate Abilities, Weirdness & Mutations

You cannot be hasted, slowed, berserked, paralysed or teleported.
You can dig through walls and to a lower floor.
Your four strong arms can wield two-handed weapons with a shield.
You have a pair of large antennae on your head. (SInv)


Message History

Found a ration.
The gnoll barely misses you. The gnoll hits you but does no damage.
The gnoll completely misses you.
You riposte.
You slash the gnoll!
The gnoll is heavily wounded.
The gnoll barely misses you. x2
You see here a ration.
You hit the gnoll but do no damage. The gnoll barely misses you.
The gnoll hits you with a +0 halberd. The gnoll hits you but does no damage.
The gnoll barely misses you.
You riposte.
You hit the gnoll.
The gnoll is lightly wounded.
You hit the gnoll.
The gnoll is lightly wounded.
The gnoll misses you.
The gnoll hits you but does no damage. x2
The gnoll hits you with a +0 halberd.
* * * LOW HITPOINT WARNING * * *
You barely miss the gnoll.
The gnoll is lightly wounded.
The gnoll hits you from afar with a +0 halberd!
You die...

. # #### #.### ###..#
###...###g...## ..#._.#..gg...#
###...###@g...#
##.####+.###...#
####....#.#....###.# .
#.....g##.##.......### #. #.
#....g.#...#...g...(.# ###..##.
#.....##...##.....##...........
#.....#.....#.g...# ######.##..
#..gg.#.....#g....########.....
#.#######g{....#..##...........


You could see 4 gnolls.

Vanquished Creatures
  A dart slug (D:2)
  A giant cockroach (D:2)
  2 goblins (D:2)
  A kobold (D:2)
  2 rats (D:2)
7 creatures vanquished.

Notes
Turn   | Place    | Note
-------+----------+-------------------------------------------
     0 | Abyss:1  | Esekla the Formicid Abyssal Knight began the quest for the
                  | Orb.
     0 | Abyss:1  | Reached XP level 1. HP: 18/18 MP: 2/2
    60 | Abyss:2  | Found a corrupted altar of Lugonu.
   142 | Abyss:2  | Noticed a phantasmal warrior
   197 | Abyss:2  | Noticed a naga
   198 | Abyss:2  | Noticed a starcursed mass
   199 | D:1      | Escaped the Abyss
   465 | D:1      | You fall into a shaft and drop 1 floor!
   509 | D:2      | Reached skill level 1 in Dodging
   550 | D:2      | Reached XP level 2. HP: 25/25 MP: 3/3
   603 | D:2      | Found a shattered altar of Ashenzari.
   628 | D:2      | Slain by a gnoll

Illustrated notes

Levels and vault maps discovered:
D:1:      kilobyte_arrival_exit_the_forest, layout_loops_cross
D:2:      layout_rooms, nicolae_ashenzari_panopticon, first_ration

Skill      XL: |  1 |
---------------+----+-----
Dodging        | 1 |  1.0
Fighting       | |  3.7
Long Blades    | |  2.2
Armour         | |  2.1
Invocations    | |  2.1

Action                   || total
-------------------------++-------
Melee: Falchion          ||    30
Invok: Depart the Abyss  ||     1
Armor: Ice dragon scales ||    14
Dodge: Dodged            ||    25
       Rpst.: Falchion   ||     5

Table legend:
 A = Non-vault XP
 B = Vault XP
 C = Vault XP percentage of total XP
 D = Non-vault monster count
 E = Vault monster count
 F = Vault count percentage of total count
                 A         B        C        D         E       F
            +---------+---------+-------+---------+---------+-------
      Total |      13 |       0 |   0.0 |       7 |       0 |   0.0
            +---------+---------+-------+---------+---------+-------
        D:2 |      13 |       0 |   0.0 |       7 |       0 |   0.0
            +---------+---------+-------+---------+---------+-------
